 Dungeon Crawl Stone Soup version 0.28-a0-1087-gf3fc490d9d (webtiles) character file.

Game seed: 8020331244526745832

16866 croobank the Slicer (level 12, -1/64 HPs)
             Began as a Spriggan Delver on Dec 10, 2021.
             Was the Champion of Jiyva.
             Slain by a white ugly thing (34 damage)
             ... in an ice cave.
             The game lasted 00:59:53 (9763 turns).

croobank the Slicer (Spriggan Delver)               Turns: 9763, Time: 00:59:54

Health: -1/64      AC:  8    Str: 16    XL:     12   Next: 13%
Magic:  24/24      EV: 20    Int: 13    God:    Jiyva [******]
Gold:   667        SH:  7    Dex: 18    Spells: 21/26 levels left

rFire   . . .      SeeInvis +   a - +4 short sword
rCold   . . .      Faith    .   Q - +2 buckler {rPois}
rNeg    . . .      Spirit   .   k - +2 steam dragon scales
rPois   +          Reflect  .   M - +1 hat
rElec   .          Harm     .   (no cloak)
rCorr   +          Rampage  .   (gloves unavailable)
Will    ++...                   (boots unavailable)
Stlth   ++++++....              L - amulet of regeneration
HPRegen 3.40/turn               l - +4 ring of slaying
MPRegen 0.69/turn               R - ring of poison resistance

@: very quick
A: very small, no large weapons, unfitting armour, see invisible, speed 3,
talons 1, agile 1, sense surroundings 2, poison resistance, regeneration 1,
strong 2, translucent skin 2, jelly absorbing missiles
a: Renounce Religion, Oozemancy, Slimify


You were in an ice cave.
You worshipped Jiyva.
Jiyva was exalted by your worship.
You visited 2 branches of the dungeon, and saw 12 of its levels.
You also visited: Ossuary and Ice Cave.

You collected 667 gold pieces.

Inventory:

Hand Weapons
 a - a +4 short sword (weapon)
 b - a +0 fustibalus
 j - a +0 dagger of protection
 r - a +1 dagger of speed
 x - a +2 dagger of flaming
 J - a +2 flail of protection
 K - a +2 spear
Missiles
 d - 200 stones (quivered)
 o - 165 arrows
 s - 45 sling bullets
 y - 34 poisoned darts
 E - 2 curare-tipped darts
 O - 23 bolts
Armour
 k - +2 steam dragon scales (worn)
 M - a +1 hat (worn)
 Q - a +2 buckler of poison resistance (worn)
Jewellery
 l - a +4 ring of slaying (left hand)
 L - an amulet of regeneration (around neck)
 P - an amulet of faith
 R - a ring of poison resistance (right hand)
 T - an amulet of the acrobat
Wands
 g - a wand of digging (8)
 h - a wand of iceblast (19)
 z - a wand of mindburst (16)
 H - a wand of charming (3)
 N - a wand of paralysis (4)
 S - a wand of polymorph (4)
Scrolls
 c - a scroll of fog
 e - a scroll of fear
 f - 5 scrolls of teleportation
 m - a scroll of magic mapping
 n - a scroll of holy word
 F - 2 scrolls of identify
 G - a scroll of amnesia
Potions
 i - a potion of berserk rage
 p - a potion of lignification
 q - 3 potions of magic
 t - 3 potions of invisibility
 u - a potion of might {unknown}
 v - 4 potions of curing
 w - a potion of attraction {unknown}
 A - a potion of brilliance {unknown}
 B - 3 potions of degeneration
 C - 2 potions of flight {unknown}
 D - a potion of heal wounds
 I - a potion of cancellation {unknown}


   Skills:
 + Level 8.0 Fighting
 + Level 13.5 Short Blades
 - Level 1.9 Throwing
 - Level 7.0 Dodging
 - Level 12.3 Stealth
 - Level 7.9 Spellcasting
 * Level 6.9 Translocations
 - Level 7.3 Transmutations


You had 21 spell levels left.
You knew the following spells:

 Your Spells              Type           Power      Damage    Failure   Level
a - Beastly Appendage     Tmut           48%        N/A       1%          1
b - Blink                 Tloc           46%        N/A       1%          2
c - Wereblood             Tmut           24%        N/A       1%          2

Your spell library contained the following spells:

 Spells                   Type           Power      Damage    Failure   Level
 Gell's Gravitas          Tloc           23%        N/A       4%          3
 Teleport Other           Tloc           23%        N/A       4%          3
 Spider Form              Tmut/Pois      14%        N/A       16%         3
 Manifold Assault         Tloc           23%        N/A       36%         5
 Dispersal                Tloc           11%        N/A       90%         6
 Airstrike                Air            2%         N/A       93%         4
 Summon Lightning Spire   Summ/Air       5%         N/A       93%         4
 Lightning Bolt           Conj/Air       2%         1d14      100%        5
 Storm Form               Tmut/Air       7%         N/A       100%        7


Dungeon Overview and Level Annotations

Branches:
Dungeon (11/15)            Temple (0/1) D:4            Lair (1/6) D:10
    Orc (0/2) D:9         Ossuary (visited)           IceCv (1/1)

Altars:
Nemelex Xobeh
Jiyva

Annotations:
IceCv exclusion: ice statue


Innate Abilities, Weirdness & Mutations

You are very small and have problems with some larger weapons.
You are too small for most types of armour.
You have supernaturally acute eyesight. (SInv)
You cover ground extremely quickly. (Speed+++)
You have sharp toenails.
You are agile. (Dex +2)
You passively map the area around you.
Your system is resistant to poisons. (rPois)
Your natural rate of healing is unusually fast.
Your muscles are very strong. (Str +4)
Your translucent skin reduces your foes' accuracy. (Stealth+)
You have a small jelly attached to you that may absorb projectiles.


Message History

The polar bear is almost dead.
You puncture the polar bear!
You kill the polar bear!
Your Fighting skill increases to level 8!
You miss the wolf. Your kick misses the wolf. You block the wolf's attack.
You hit the wolf but do no damage. The wolf closely misses you.
You miss the wolf. The wolf barely misses you.
You puncture the wolf! You claw the wolf.
The wolf is heavily wounded.
The wolf completely misses you.
You puncture the wolf!
The wolf is almost dead.
The wolf barely misses you.
You puncture the wolf!
You kill the wolf!
You hear a distant slurping noise.
A wolf and an ugly thing come into view.
The wolf moves out of view.
Press: ? - help, v - describe, . - travel
Here: a white ugly thing (wandering, hasn't noticed you)
The floor.
Activating: Oozemancy (0% risk of failure)
Press: ? - help, Dir - look around, f - activate An ice covered rock wall.
Okay, then.
Found a tower shield of cold resistance.
Found 2 silvery potions.
The wolf howls!
The white ugly thing gurgles horribly!
You hit the wolf. You claw the wolf.
The wolf is almost dead.
The wolf barely misses you.
You hit the wolf.
You kill the wolf!
The white ugly thing punches you! The white ugly thing freezes you!
There is a fountain of sparkling water here.
You puncture the white ugly thing! You claw the white ugly thing.
The white ugly thing is lightly wounded.
The white ugly thing punches you! The white ugly thing freezes you!!
Ouch! That really hurt!
You die...

#.##..* *
##.##.
##.# .. *
##.## #.,
, #.## #.#
##.#####.#
#.#.#[#.#
##......#
* #.#.@u.#
* ###...##
##!## ###


You could see a white ugly thing.

Vanquished Creatures
  Harold (D:10)
  A hydra (Lair:1)
  Erolcha (D:11)
  A centaur warrior (D:11)
  3 cane toads (Lair:1)
  2 komodo dragons
  Grinder (D:6)
  5 polar bears (IceCv)
  A hornet (D:8)
  5 spriggans (Lair:1)
  22 yaks
  A wyvern (D:10)
  A steam dragon (D:7)
  A basilisk (Lair:1)
  9 water moccasins
  A sky beast (D:7)
  2 orc warriors
  2 necrophages
  15 wolves
  2 ogres
  2 centaurs
  2 kobold brigands
  6 bullfrogs
  A gnoll sergeant (D:8)
  A scorpion (D:5)
  A wyvern skeleton (D:5)
  A water moccasin skeleton (D:5)
  5 killer bees (D:10)
  3 wights (D:8)
  A centaur zombie (D:8)
  An orc priest (D:9)
  A bullfrog skeleton (D:7)
  3 hounds
  A centaur skeleton (D:6)
  2 iguanas
  13 orc wizards
  8 mummies (Ossuary)
  A howler monkey zombie (D:6)
  5 gnolls (D:8)
  6 adders
  A river rat (D:3)
  2 ufetubi (D:5)
  5 dart slugs
  29 orcs
  3 ball pythons
  A bat (D:3)
  2 giant cockroaches
  2 gnoll zombies (Ossuary)
  9 goblins
  2 hobgoblins
  4 quokkas
  4 frilled lizards
  4 hobgoblin zombies (Ossuary)
  17 kobolds
  A kobold zombie (Ossuary)
  An orc zombie (Ossuary)
  3 rats
231 creatures vanquished.

Vanquished Creatures (collateral kills)
  Gastronok (D:9)
  A two-headed ogre (D:10)
  Grum (D:8)
  6 orc warriors
  A centaur (D:9)
  A wight (D:8)
  3 orc priests
  An orc wizard (D:9)
  5 orcs
20 creatures vanquished.

Vanquished Creatures (others)
  A centaur zombie (D:10)
  A wolf (IceCv)
  A howler monkey (D:6)
  13 jellies
  A hound (D:6)
  A gnoll shaman (D:4)
  An orc wizard (D:8)
  A howler monkey zombie (D:9)
  An adder (D:4)
  4 gnolls (D:4)
  8 orcs
  A giant cockroach (D:4)
  2 goblins (D:4)
  A hobgoblin (D:4)
  A quokka (D:4)
  A ball python (D:3)
  2 kobolds
  28 fungi (D:10)
  42 plants
  6 withered plants (D:1)
117 creatures vanquished.

Grand Total: 368 creatures vanquished

Notes
Turn   | Place    | Note
-------+----------+-------------------------------------------
     0 | D:5      | croobank the Spriggan Delver began the quest for the Orb.
     0 | D:5      | Reached XP level 1. HP: 11/11 MP: 2/2
    21 | D:4      | Noticed a gnoll shaman
   332 | D:3      | Found a glowing drain.
   633 | D:2      | Reached XP level 2. HP: 16/16 MP: 3/3
   932 | D:1      | Found a faded altar of an unknown god.
   943 | D:1      | Prayed at the altar of an unknown god.
   943 | D:1      | Became a worshipper of Jiyva Juclot the Shapeless
   943 | D:1      | Reached * piety under Jiyva
  1003 | D:1      | Reached XP level 3. HP: 19/19 MP: 4/4
  1604 | D:1      | Reached ** piety under Jiyva
  2012 | D:2      | Reached XP level 4. HP: 23/23 MP: 5/5
  2634 | D:3      | Reached *** piety under Jiyva
  2658 | D:3      | Gained mutation: You passively map a small area around you.
                  | [Jiyva's grace]
  2658 | D:3      | Gained mutation: You passively map the area around you.
                  | [Jiyva's grace]
  2658 | D:3      | Gained mutation: You passively map a large area around you.
                  | [Jiyva's grace]
  2658 | D:3      | Gained mutation: Your flesh is cold resistant. (rC+)
                  | [Jiyva's grace]
  2680 | D:3      | Reached skill level 3 in Short Blades
  2905 | D:3      | Found a sparkling altar of Nemelex Xobeh.
  3369 | D:4      | Noticed an ogre
  3377 | D:4      | Killed an ogre
  3378 | D:4      | Reached XP level 5. HP: 28/28 MP: 6/6
  3428 | D:4      | Found a staircase to the Ecumenical Temple.
  3441 | D:4      | Reached **** piety under Jiyva
  4022 | D:5      | Reached skill level 4 in Short Blades
  4022 | D:5      | Reached skill level 10 in Stealth
  4022 | D:5      | Reached XP level 6. HP: 32/32 MP: 7/7
  4299 | D:5      | Reached skill level 5 in Short Blades
  4329 | D:5      | Reached XP level 7. HP: 36/36 MP: 8/8
  4678 | D:5      | Reached ***** piety under Jiyva
  4705 | D:5      | Reached skill level 1 in Throwing
  4958 | D:6      | Upgraded the game from 0.28-a0-1080-g05a166d0ed to
                  | 0.28-a0-1087-gf3fc490d9d
  4967 | D:6      | Found a sand-covered staircase.
  4975 | Ossuary  | Entered an ossuary
  5190 | D:6      | Noticed Grinder
  5239 | D:5      | Reached skill level 6 in Short Blades
  5332 | D:6      | Reached XP level 8. HP: 15/40 MP: 9/9
  5397 | D:6      | Killed Grinder
  5398 | D:6      | Reached skill level 7 in Short Blades
  5398 | D:6      | Reached skill level 5 in Dodging
  5421 | D:6      | Gained mutation: You are agile. (Dex +2) [Jiyva's grace]
  5421 | D:6      | Gained mutation: You are very agile. (Dex +4) [Jiyva's
                  | grace]
  5421 | D:6      | Gained mutation: Your translucent skin slightly reduces
                  | your foes' accuracy. (Stealth+) [Jiyva's grace]
  5421 | D:6      | Gained mutation: Your translucent skin reduces your foes'
                  | accuracy. (Stealth+) [Jiyva's grace]
  6090 | D:7      | Reached skill level 8 in Short Blades
  6176 | D:7      | Reached XP level 9. HP: 46/46 MP: 10/10
  6633 | D:8      | Learned a level 1 spell: Beastly Appendage
  6636 | D:8      | Learned a level 2 spell: Blink
  6639 | D:8      | Learned a level 2 spell: Wereblood
  6735 | D:8      | Reached skill level 1 in Transmutations
  6756 | D:8      | Reached skill level 1 in Spellcasting
  6939 | D:8      | Reached ****** piety under Jiyva
  6952 | D:8      | Noticed Grum
  6972 | D:8      | Killed Grum
  7048 | D:8      | Reached skill level 5 in Spellcasting
  7053 | D:8      | Reached skill level 5 in Transmutations
  7481 | D:9      | Noticed Gastronok
  7495 | D:9      | Killed Gastronok
  7496 | D:9      | Reached XP level 10. HP: 18/51 MP: 19/22
  7610 | D:9      | Lost mutation: You are very agile. (Dex +4) [Jiyva's grace]
  7610 | D:9      | Gained mutation: Your natural rate of healing is unusually
                  | fast. [Jiyva's grace]
  7610 | D:9      | Gained mutation: You heal very quickly. [Jiyva's grace]
  7610 | D:9      | Gained mutation: You regenerate. [Jiyva's grace]
  7610 | D:9      | Gained mutation: You have sharp toenails. [Jiyva's grace]
  7703 | D:9      | Found a staircase to the Orcish Mines.
  7909 | D:10     | Entered Level 10 of the Dungeon
  7909 | D:10     | Noticed Harold
  7946 | D:10     | Reached skill level 9 in Short Blades
  7954 | D:10     | Reached skill level 5 in Fighting
  8001 | D:10     | Found a staircase to the Lair.
  8030 | D:10     | Killed Harold
  8031 | D:10     | Reached skill level 10 in Short Blades
  8113 | D:10     | Identified a scroll of acquirement
  8113 | D:10     | Acquired a +2 buckler of poison resistance
  8140 | D:10     | Noticed a two-headed ogre
  8145 | D:10     | Killed a two-headed ogre
  8379 | D:10     | Reached skill level 11 in Short Blades
  8379 | D:10     | Reached XP level 11. HP: 56/56 MP: 23/23
  8841 | D:11     | Noticed Erolcha
  8841 | D:11     | Noticed a centaur warrior
  8843 | D:11     | Killed Erolcha
  8845 | D:11     | Killed a centaur warrior
  8898 | Lair:1   | Entered Level 1 of the Lair of Beasts
  8958 | Lair:1   | Reached skill level 1 in Translocations
  9072 | Lair:1   | Reached skill level 12 in Short Blades
  9135 | Lair:1   | Lost mutation: Your flesh is cold resistant. (rC+) [Jiyva's
                  | grace]
  9135 | Lair:1   | Lost mutation: You passively map a large area around you.
                  | [Jiyva's grace]
  9135 | Lair:1   | Lost mutation: You regenerate. [Jiyva's grace]
  9135 | Lair:1   | Lost mutation: You heal very quickly. [Jiyva's grace]
  9135 | Lair:1   | Gained mutation: Your muscles are strong. (Str +2) [Jiyva's
                  | grace]
  9135 | Lair:1   | Gained mutation: Your muscles are very strong. (Str +4)
                  | [Jiyva's grace]
  9135 | Lair:1   | Gained mutation: You have a small jelly attached to you
                  | that may absorb projectiles. [Jiyva's grace]
  9135 | Lair:1   | Gained mutation: Your system is resistant to poisons.
                  | (rPois) [Jiyva's grace]
  9189 | Lair:1   | Found a frozen archway.
  9189 | Lair:1   | Noticed an eight-headed hydra
  9194 | Lair:1   | Killed an eight-headed hydra
  9203 | IceCv    | Entered an ice cave
  9232 | IceCv    | Reached skill level 5 in Translocations
  9436 | IceCv    | Reached skill level 13 in Short Blades
  9606 | IceCv    | Reached XP level 12. HP: 64/64 MP: 24/24
  9763 | IceCv    | Slain by a white ugly thing

Illustrated notes

Levels and vault maps discovered:
D:1:      minmay_arrival_glassed_features, layout_loops_corners,
          ebering_ecumenical_altar_petrified, hangedman_decor_push
D:2:      layout_basic, minmay_small_reverse_x
D:3:      layout_basic, nicolae_overflow_hidden_temple,
          cheibrodos_sewer_entry_sluice
D:4:      layout_basic, temple_pool_b
D:5:      layout_layer_cave, minmay_a_box_with_orc_wizards_in_it
D:6:      layout_basic, enter_ossuary_3, uniq_grinder
D:7:      layout_basic
D:8:      layout_loops_ring, uniq_grum
D:9:      layout_roguey, orc_0_dummy, uniq_gastronok
D:10:     layout_loops_corners, due_lair_maze_entry_diamond, uniq_harold
D:11:     cheibrodos_steamvent, layout_loops_cross, uniq_erolcha
Lair:1:   kb_forest_paths, layout_long_grid, portal_ice_cave_entry_pillars_1,
          grunt_forest_small_clearings
IceCv:    ice_cave_caverns_02

Skill      XL: |  1  2  3  4  5  6  7  8  9 10 11 12 |
---------------+-------------------------------------+-----
Stealth        | 8 9 10 11 12 | 12.3
Dodging        | 3 4 6 7 |  7.0
Short Blades   | 3 4 5 6 8 11 13 | 13.5
Fighting       | 3 4 6 7 8 |  8.0
Throwing       | 1 |  1.9
Transmutations | 7 |  7.3
Spellcasting   | 7 |  7.9
Translocations | 6 |  6.9

Action                   |  1- 3 |  4- 6 |  7- 9 | 10-12 || total
-------------------------+-------+-------+-------+-------++-------
Melee: Short sword       |    65 |       |    58 |   409 ||   532
       Dagger            |     5 |   115 |   255 |       ||   375
       Kick              |       |       |     7 |   157 ||   164
       Headbutt          |       |       |     3 |       ||     3
Throw: Dart              |       |    12 |    10 |     1 ||    23
       Stone             |       |       |     2 |       ||     2
       Throwing net      |       |       |       |     4 ||     4
 Cast: Beastly Appendage |       |       |     1 |       ||     1
       Wereblood         |       |       |     1 |       ||     1
  Use: Potion            |     2 |       |     5 |       ||     7
       Scroll            |     3 |     2 |     4 |     4 ||    13
 Stab: Sleeping          |    17 |     6 |    10 |    14 ||    47
       Distracted        |       |     1 |     2 |       ||     3
       Invisible         |       |       |     5 |       ||     5
       Held in net/web   |       |       |       |     3 ||     3
Armor: Robe              |     7 |     4 |    14 |       ||    25
       Steam dragon scal |       |       |     2 |    21 ||    23
Dodge: Dodged            |    66 |    46 |   235 |   203 ||   550
Block: Buckler           |       |       |       |    59 ||    59

Table legend: (Time is in decaauts)
 A = Elapsed time spent in this place.
 B = Non-inter-level travel time spent in this place.
 C = Inter-level travel time spent in this place.
 D = Time resting spent in this place.
 E = Time spent auto-exploring this place.
 F = Levels seen in this place.
 G = Mean time per level.
                   A        B        C        D        E       F      G
               +--------+--------+--------+--------+--------+-----+--------+
         Total |   6265 |   6008 |    257 |    260 |   3646 |  14 |  447.5 |
       Dungeon |   5588 |   5331 |    257 |    260 |   3491 |  11 |  508.0 |
          Lair |    189 |    189 |      0 |      0 |    100 |   1 |  189.0 |
       Ossuary |    144 |    144 |      0 |      0 |      0 |   1 |  144.0 |
      Ice Cave |    343 |    343 |      0 |      0 |     54 |   1 |  343.0 |
               +--------+--------+--------+--------+--------+-----+--------+

Top non-repeatable levels by time:
     D:5: 783 daAuts
     D:2: 748 daAuts
     D:3: 682 daAuts
     D:1: 638 daAuts
    D:10: 608 daAuts
     D:7: 572 daAuts
     D:8: 534 daAuts
     D:4: 430 daAuts
   IceCv: 343 daAuts
     D:9: 327 daAuts
     D:6: 250 daAuts
  Lair:1: 189 daAuts
 Ossuary: 144 daAuts
    D:11: 11 daAuts
